A- SE
LAKELAND FLYING TIGERS @ CLEARWATER THRESHERS
06/05/2042
 
TOP OF THE 1ST
Lakeland Flying Tigers batting - Pitching for Clearwater Threshers : RHP Ed Ashley
Pitching: RHP Ed Ashley
Batting: LHB José Ríos 0-0: Ball
1-0: Called Strike
1-1: Swinging Strike
1-2: Ball
2-2: Ball
3-2: SINGLE (Line Drive, 7LS, EV 105.0 MPH)
Batting: RHB Randy Leduc 0-0: Sac Bunt to 13S - play at first, batter OUT! 1-3
José Ríos to second
Batting: RHB José Medina 0-0: Ball
1-0: Called Strike
1-1: Called Strike
José Ríos steals 3rd base
1-2: Fly out, F9 (Flyball, 9D, EV 111.3 MPH)
Batting: SHB Johnathan Green 0-0: Called Strike
0-1: SINGLE (Groundball, 56D, EV 94.4 MPH)
José Ríos scores
Batting: RHB Dan Murdock 0-0: Called Strike
0-1: 2-RUN HOME RUN (Flyball, 8RXD, EV 110.6 MPH), Distance : 438 ft
Batting: RHB Jeff Hewitt 0-0: Called Strike
0-1: Foul Ball, location: 2F
0-2: Ball
1-2: Ground out 3-1 (Groundball, 34, EV 82.5 MPH)
Top of the 1st over - 3 runs, 3 hits, 0 errors, 0 left on base; Lakeland 3 - Clearwater 0
BOTTOM OF THE 1ST
Clearwater Threshers batting - Pitching for Lakeland Flying Tigers : RHP Walt White
Pitching: RHP Walt White
Batting: RHB Duane Dotson 0-0: Ball
1-0: Ball
2-0: Foul Ball, location: 2F
2-1: Called Strike
2-2: Foul Ball, location: 25FF
2-2: Fly out, F4 (Popup, 4S, EV 73.8 MPH)
Batting: RHB Kevin Coffey 0-0: Called Strike
0-1: Ball
1-1: Called Strike
1-2: Strikes out swinging
Batting: LHB Jeff Hall 0-0: Ball
1-0: Swinging Strike
1-1: Ground out 6-3 (Groundball, 6, EV 88.8 MPH)
Bottom of the 1st over - 0 runs, 0 hits, 0 errors, 0 left on base; Lakeland 3 - Clearwater 0
TOP OF THE 2ND
Lakeland Flying Tigers batting - Pitching for Clearwater Threshers : RHP Ed Ashley
Batting: RHB Juan Figueroa 0-0: Swinging Strike
0-1: Ball
1-1: Swinging Strike
1-2: Ball
2-2: Strikes out looking
Batting: RHB Ánibal López 0-0: Ball
1-0: Ball
2-0: Ball
3-0: Base on Balls
Batting: SHB Steve Henning 0-0: Fly out, F5 (Popup, 5F, EV 78.8 MPH)
Batting: LHB José Ríos 0-0: Ball
1-0: Foul Ball, location: 2F
1-1: Foul Ball, location: 2F
1-2: Ball
2-2: Fielders Choice at 2nd, 5-4 (Groundball, 5, EV 81.9 MPH)
Top of the 2nd over - 0 runs, 0 hits, 0 errors, 1 left on base; Lakeland 3 - Clearwater 0
BOTTOM OF THE 2ND
Clearwater Threshers batting - Pitching for Lakeland Flying Tigers : RHP Walt White
Batting: RHB Demetrio Lado 0-0: Ball
1-0: Foul Ball, location: 2F
1-1: Called Strike
1-2: Strikes out swinging
Batting: RHB Joe Newton 0-0: Foul Ball, location: 5FF
0-1: Ball
1-1: Ball
2-1: Foul Ball, location: 9LDF
2-2: SINGLE (Groundball, 6MD, EV 96.9 MPH)
Batting: LHB Jorge Elías 0-0: Called Strike
0-1: Fly out, F8 (Flyball, 8RD, EV 101.3 MPH)
Batting: RHB Rob Simmons 0-0: Called Strike
0-1: Called Strike
0-2: Ball
1-2: Ball
2-2: Ball
3-2: Base on Balls
Joe Newton to second
Batting: RHB Sergio Calderón 0-0: Fly out, F8 (Flyball, 8RD, EV 108.8 MPH)
Bottom of the 2nd over - 0 runs, 1 hit, 0 errors, 2 left on base; Lakeland 3 - Clearwater 0
TOP OF THE 3RD
Lakeland Flying Tigers batting - Pitching for Clearwater Threshers : RHP Ed Ashley
Batting: RHB Randy Leduc 0-0: Ball
1-0: Called Strike
1-1: Called Strike
1-2: Ball
2-2: Strikes out swinging
Batting: RHB José Medina 0-0: Ball
1-0: Ball
2-0: Ball
3-0: Base on Balls
Batting: SHB Johnathan Green 0-0: Ball
1-0: Called Strike
1-1: Foul Ball, location: 2F
1-2: Ball
2-2: Strikes out looking
Batting: RHB Dan Murdock 0-0: Ball
1-0: SINGLE (Line Drive, 34D, EV 103.8 MPH)
José Medina to second
Batting: RHB Jeff Hewitt 0-0: Ball
Wild Pitch!
José Medina to third
Dan Murdock to second
1-0: Foul Ball, location: 5FF
1-1: Ball
2-1: Ball
3-1: Called Strike
3-2: SINGLE (Line Drive, 8LS, EV 90.0 MPH)
José Medina scores
Dan Murdock to third
Batting: RHB Juan Figueroa 0-0: Foul Ball, location: 2F
0-1: Ball
1-1: Swinging Strike
1-2: Strikes out swinging
Top of the 3rd over - 1 run, 2 hits, 0 errors, 2 left on base; Lakeland 4 - Clearwater 0
BOTTOM OF THE 3RD
Clearwater Threshers batting - Pitching for Lakeland Flying Tigers : RHP Walt White
Batting: LHB Uolevi Jokela 0-0: Foul Ball, location: 2F
0-1: Ball
1-1: Swinging Strike
1-2: Ground out 5-3 (Groundball, 5, EV 103.8 MPH)
Batting: RHB Duane Dotson 0-0: Ball
1-0: Called Strike
1-1: Ball
2-1: Foul Ball, location: 3F, Error on foul ball, E3
2-2: Ball
3-2: Strikes out swinging
Batting: RHB Kevin Coffey 0-0: Called Strike
0-1: Foul Ball, location: 3FF
0-2: Foul Ball, location: 2F
0-2: Ball
1-2: Fly out, F8 (Flyball, 89D, EV 90.6 MPH)
Bottom of the 3rd over - 0 runs, 0 hits, 1 error, 0 left on base; Lakeland 4 - Clearwater 0
TOP OF THE 4TH
Lakeland Flying Tigers batting - Pitching for Clearwater Threshers : RHP Ed Ashley
Batting: RHB Ánibal López 0-0: Called Strike
0-1: Ball
1-1: Called Strike
1-2: Strikes out swinging
Batting: SHB Steve Henning 0-0: Ball
1-0: Fly out, F8 (Flyball, 8LM, EV 91.9 MPH)
Batting: LHB José Ríos 0-0: Ball
1-0: Ball
2-0: Called Strike
2-1: Ball
3-1: Base on Balls
Batting: RHB Randy Leduc 0-0: Called Strike
0-1: Ball
1-1: Foul Ball, location: 2F
1-2: Foul Ball, location: 23F
1-2: Ball
2-2: Strikes out swinging
Top of the 4th over - 0 runs, 0 hits, 0 errors, 1 left on base; Lakeland 4 - Clearwater 0
BOTTOM OF THE 4TH
Clearwater Threshers batting - Pitching for Lakeland Flying Tigers : RHP Walt White
Batting: LHB Jeff Hall 0-0: Called Strike
0-1: Ball
1-1: Ball
2-1: Foul Ball, location: 9LDF
2-2: Fly out, F5 (Line Drive, 56, EV 69.4 MPH)
Batting: RHB Demetrio Lado 0-0: Called Strike
0-1: Ball
1-1: Ground out 5-3 (Groundball, 5, EV 90.6 MPH)
Batting: RHB Joe Newton 0-0: Ball
1-0: Fly out, F8 (Flyball, 8RXD, EV 106.3 MPH)
Bottom of the 4th over - 0 runs, 0 hits, 0 errors, 0 left on base; Lakeland 4 - Clearwater 0
TOP OF THE 5TH
Lakeland Flying Tigers batting - Pitching for Clearwater Threshers : RHP Ed Ashley
Batting: RHB José Medina 0-0: Ball
1-0: Ball
2-0: Swinging Strike
2-1: Ball
3-1: Base on Balls
Pitching: RHP Freddy Sánchez
Batting: SHB Johnathan Green 0-0: Ground out 5-3 (Groundball, 56S, EV 66.9 MPH)
José Medina to second
Batting: RHB Dan Murdock 0-0: Swinging Strike
0-1: Foul Ball, location: 9LMF
0-2: Foul Ball, location: 3F
0-2: 2-RUN HOME RUN (Flyball, 9D, EV 93.8 MPH), Distance : 372 ft
Batting: RHB Jeff Hewitt 0-0: Ball
1-0: Ball
2-0: Foul Ball, location: 23FF
2-1: Ball
3-1: Base on Balls
Batting: RHB Juan Figueroa 0-0: Called Strike
0-1: Fly out, F8 (Line Drive, 8LM, EV 92.5 MPH)
Batting: RHB Ánibal López 0-0: Fielders Choice at 2nd, 6-4 (Groundball, 6, EV 87.5 MPH)
Top of the 5th over - 2 runs, 1 hit, 0 errors, 1 left on base; Lakeland 6 - Clearwater 0
BOTTOM OF THE 5TH
Clearwater Threshers batting - Pitching for Lakeland Flying Tigers : RHP Walt White
Batting: LHB Jorge Elías 0-0: Ball
1-0: SINGLE (Line Drive, 6D, EV 97.5 MPH)
Batting: RHB Rob Simmons 0-0: Ball
1-0: Called Strike
1-1: Foul Ball, location: 2LF
1-2: Ball
2-2: Ball
3-2: DOUBLE (Line Drive, 89M, EV 88.8 MPH)
Jorge Elías to third
Jorge Elías scores
Batting: RHB Sergio Calderón 0-0: Called Strike
0-1: Ball
1-1: Ball
2-1: Ball
3-1: Fly out, F4 (Popup, 34, EV 65.0 MPH)
Batting: LHB Uolevi Jokela 0-0: Ball
1-0: Ball
2-0: Ball
3-0: Base on Balls
Batting: RHB Duane Dotson 0-0: Grounds into double play, 5-4-3 (Groundball, 56S, EV 83.8 MPH)
Bottom of the 5th over - 1 run, 2 hits, 0 errors, 1 left on base; Lakeland 6 - Clearwater 1
TOP OF THE 6TH
Lakeland Flying Tigers batting - Pitching for Clearwater Threshers : RHP Freddy Sánchez
Batting: SHB Steve Henning 0-0: Called Strike
0-1: Foul Ball, location: 2F
0-2: Foul Ball, location: 2F
0-2: Ball
1-2: Fly out, F9 (Flyball, 9S, EV 81.3 MPH)
Batting: LHB José Ríos 0-0: Swinging Strike
0-1: Called Strike
0-2: Ball
1-2: Ball
2-2: Foul Ball, location: 2F
2-2: Ball
3-2: Base on Balls
Batting: RHB Randy Leduc 0-0: Ball
1-0: Called Strike
1-1: SINGLE (Groundball, 6MD, EV 98.8 MPH)
José Ríos to second
Runner from 2nd tries for 3rd, SAFE, throw by CF made to third
Batting: RHB José Medina 0-0: Ball
Randy Leduc is caught stealing 2nd base 2-4
1-0: Ball
2-0: Called Strike
2-1: Called Strike
2-2: Foul Ball, location: 9LSF
2-2: Foul Ball, location: 5F
2-2: Foul Ball, location: 2F
2-2: DOUBLE (Line Drive, 9LS, EV 105.0 MPH)
José Ríos scores
Batting: SHB Johnathan Green 0-0: Called Strike
0-1: Ball
1-1: Ball
Wild Pitch!
José Medina to third
2-1: Ball
3-1: Ground out 1-3 (Groundball, 34S, EV 72.5 MPH)
Top of the 6th over - 1 run, 2 hits, 0 errors, 1 left on base; Lakeland 7 - Clearwater 1
BOTTOM OF THE 6TH
Clearwater Threshers batting - Pitching for Lakeland Flying Tigers : RHP Walt White
Batting: RHB Kevin Coffey 0-0: Called Strike
0-1: Swinging Strike
0-2: Ball
1-2: Ball
2-2: Foul Ball, location: 2F
2-2: Strikes out swinging
Batting: LHB Jeff Hall 0-0: Ball
1-0: Ball
2-0: Called Strike
2-1: Ball
3-1: Fly out, F8 (Flyball, 89D, EV 94.4 MPH)
Batting: RHB Demetrio Lado 0-0: Called Strike
0-1: SINGLE (Groundball, 4MD, EV 95.0 MPH)
Pitching: RHP Chet Stanley
Batting: RHB Joe Newton 0-0: Called Strike
0-1: Foul Ball, location: 2F
0-2: Ground out 6-3 (Groundball, 6MS, EV 94.4 MPH)
Bottom of the 6th over - 0 runs, 1 hit, 0 errors, 1 left on base; Lakeland 7 - Clearwater 1
TOP OF THE 7TH
Lakeland Flying Tigers batting - Pitching for Clearwater Threshers : RHP Freddy Sánchez
Batting: RHB Dan Murdock 0-0: Ground out 6-3 (Groundball, 56, EV 105.6 MPH)
Batting: RHB Jeff Hewitt 0-0: Called Strike
0-1: SINGLE (Flyball, 56D, EV 86.9 MPH)
Batting: RHB Juan Figueroa 0-0: Called Strike
0-1: Swinging Strike
0-2: Ball
1-2: Foul Ball, location: 2F
1-2: Foul Ball, location: 2RF
1-2: Foul Ball, location: 9LSF
1-2: Fly out, F6 (Popup, 4M, EV 55.6 MPH)
Batting: RHB Ánibal López 0-0: Ball
1-0: Ball
Jeff Hewitt steals 2nd base
2-0: Ball
3-0: Swinging Strike
3-1: Swinging Strike
3-2: Strikes out swinging
Top of the 7th over - 0 runs, 1 hit, 0 errors, 1 left on base; Lakeland 7 - Clearwater 1
BOTTOM OF THE 7TH
Clearwater Threshers batting - Pitching for Lakeland Flying Tigers : RHP Chet Stanley
Batting: LHB Jorge Elías 0-0: Ball
1-0: Ball
2-0: Foul Ball, location: 2F
2-1: Ball
3-1: Foul Ball, location: 2LF
3-2: Strikes out swinging
Batting: RHB Rob Simmons 0-0: Called Strike
0-1: Foul Ball, location: 9LSF
0-2: Ball
1-2: Foul Ball, location: 9LDF
1-2: Foul Ball, location: 2F
1-2: Strikes out swinging
Pinch Hitting: LHB Robinson Manuel 0-0: Called Strike
0-1: Swinging Strike
0-2: Fly out, F8 (Line Drive, 8RM, EV 91.9 MPH)
Bottom of the 7th over - 0 runs, 0 hits, 0 errors, 0 left on base; Lakeland 7 - Clearwater 1
TOP OF THE 8TH
Lakeland Flying Tigers batting - Pitching for Clearwater Threshers : RHP Freddy Sánchez
Now at 2B: Robinson Manuel
Now at SS: Duane Dotson
Batting: SHB Steve Henning 0-0: Ball
1-0: Fly out, F8 (Flyball, 8RM, EV 90.0 MPH)
Batting: LHB José Ríos 0-0: Foul Ball, location: 23F
0-1: Foul Ball, location: 2F
0-2: Ball
1-2: DOUBLE (Line Drive, 9LD, EV 91.9 MPH)
Pitching: RHP Luis Méndez
Batting: RHB Randy Leduc 0-0: Ball
1-0: Foul Ball, location: 2RF
1-1: Fly out, F6 (Popup, P, EV 86.9 MPH)
Batting: RHB José Medina 0-0: Called Strike
0-1: Ball
1-1: Ball
2-1: Ball
3-1: Foul Ball, location: 2F
3-2: Fly out, F8 (Flyball, 8RD, EV 106.9 MPH)
Top of the 8th over - 0 runs, 1 hit, 0 errors, 1 left on base; Lakeland 7 - Clearwater 1
BOTTOM OF THE 8TH
Clearwater Threshers batting - Pitching for Lakeland Flying Tigers : RHP Chet Stanley
Batting: LHB Uolevi Jokela 0-0: Called Strike
0-1: Ball
1-1: Fly out, F9 (Flyball, 9LS, EV 91.9 MPH)
Pinch Hitting: RHB Sergio Ledesma 0-0: Ball
1-0: Called Strike
1-1: Ball
2-1: Swinging Strike
2-2: Ball
3-2: Ground out U3 (Groundball, 34, EV 87.5 MPH)
Batting: RHB Kevin Coffey 0-0: Called Strike
0-1: Called Strike
0-2: Ball
1-2: Strikes out swinging
Bottom of the 8th over - 0 runs, 0 hits, 0 errors, 0 left on base; Lakeland 7 - Clearwater 1
TOP OF THE 9TH
Lakeland Flying Tigers batting - Pitching for Clearwater Threshers : RHP Luis Méndez
Now at SS: Sergio Ledesma
Batting: SHB Johnathan Green 0-0: SINGLE (Line Drive, 3D, EV 100.6 MPH)
Batting: RHB Dan Murdock 0-0: Foul Ball, location: 2F
0-1: Called Strike
0-2: Ball
1-2: Strikes out swinging
Batting: RHB Jeff Hewitt 0-0: Ball
1-0: Called Strike
1-1: SINGLE (Line Drive, 6MD, EV 96.9 MPH)
Johnathan Green to second
Batting: RHB Juan Figueroa 0-0: Fielders Choice at 2nd, 3-6 (Groundball, 34, EV 85.0 MPH)
Johnathan Green to third
Batting: RHB Ánibal López 0-0: Called Strike
0-1: Foul Ball, location: 2F
0-2: Foul Ball, location: 5F
0-2: Strikes out looking
Top of the 9th over - 0 runs, 2 hits, 0 errors, 2 left on base; Lakeland 7 - Clearwater 1
BOTTOM OF THE 9TH
Clearwater Threshers batting - Pitching for Lakeland Flying Tigers : RHP Chet Stanley
Batting: LHB Jeff Hall 0-0: Ball
1-0: Fly out, F9 (Flyball, 9S, EV 96.3 MPH)
Batting: RHB Demetrio Lado 0-0: Called Strike
0-1: Foul Ball, location: 2F
0-2: Foul Ball, location: 3DF
0-2: Hit by Pitch
Batting: RHB Joe Newton 0-0: Ball
1-0: Foul Ball, location: 3SF
1-1: Called Strike
1-2: Ball
2-2: Ball
3-2: Foul Ball, location: 5SF
3-2: SINGLE (Groundball, 6MD, EV 99.4 MPH)
Demetrio Lado to second
Pinch Hitting: RHB Rob Coffey 0-0: Ball
1-0: Foul Ball, location: 2F
1-1: Called Strike
1-2: Ball
2-2: Fly out, F7 (Line Drive, 7S, EV 96.9 MPH)
Batting: RHB Rob Simmons 0-0: Ball
1-0: Ball
2-0: Ball
3-0: Called Strike
3-1: Foul Ball, location: 2F
3-2: Base on Balls
Demetrio Lado to third
Joe Newton to second
Batting: LHB Robinson Manuel 0-0: Called Strike
0-1: Called Strike
0-2: Ball
1-2: Ball
2-2: Ball
3-2: Fly out, F7 (Flyball, 7D, EV 96.3 MPH)
Bottom of the 9th over - 0 runs, 1 hit, 0 errors, 3 left on base; Lakeland 7 - Clearwater 1
Monday, April 29th , 2024 - OOTP Baseball 24.10 Build 82